 Dungeon Crawl Stone Soup version 0.30-a0-830-gfe289a77b0 (webtiles) character file.

Game seed: 13636205742316143522

7 Esekla the Sneak (level 2, 21/21 HPs)
             Began as an Octopode Delver on Mar 1, 2023.
             Quit the game on level 5 of the Dungeon.
             The game lasted 00:01:24 (117 turns).

Esekla the Sneak (Octopode Delver)                   Turns: 117, Time: 00:01:25

Health: 21/21      AC:  1    Str: 11    XL:     2   Next: 0%
Magic:  2/2        EV: 13    Int: 12    God:
Gold:   23         SH:  0    Dex: 13    Spells: 1/1 levels left

rFire   . . .      SeeInvis .    a - +0 falchion
rCold   . . .      Faith    .    (no shield)
rNeg    . . .      Spirit   .    (helmet restricted)
rPois   .          Reflect  .    (no amulet)
rElec   .          Harm     .    (no ring)
rCorr   .          Rampage  .    (no ring)
Will    .....                    (no ring)
Stlth   ++++                     (no ring)
HPRegen 0.23/turn                (no ring)
MPRegen 0.08/turn                (no ring)
                                 (no ring)
                                 (no ring)

@: no status effects
A: almost no armour, amphibious, 8 rings, camouflage 1, gelatinous body 1,
(nimble swimmer 1), tentacles
a: no special abilities


You were on level 5 of the Dungeon.
You visited 1 branch of the dungeon, and saw 1 of its levels.

You collected 23 gold pieces.

Inventory:

Hand Weapons
 a - a +0 falchion (weapon)
Wands
 f - a wand of digging (3)
Scrolls
 b - a scroll of fog
 d - a scroll of fear
Potions
 c - a potion of might {unknown}
 e - a potion of haste


   Skills:
 * Level 3.0 Fighting
 * Level 2.1 Long Blades
 * Level 2.1 Dodging
 + Level 6.8 Stealth
 * Level 0.2 Spellcasting


You had one spell level left.
You didn't know any spells.
Your spell library was empty.

Dungeon Overview and Level Annotations

Branches:
Dungeon (5/15)
 Temple: D:4-7

Altars:
Ashenzari


Innate Abilities, Weirdness & Mutations

You cannot wear most types of armour.
You are amphibious.
You can wear up to eight rings at the same time.
Your skin changes colour to match your surroundings (Stealth+).
Your rubbery body absorbs attacks. (AC +1, EV +1)
((You are camouflaged when in or above water. (Stealth+)))
You have tentacles for arms and can constrict up to eight enemies at once.


Message History

Welcome, Esekla the Octopode Delver.
Everyone else who sought the Orb of Zot has failed.
Will you be different?
Press ? for a list of commands and other information.
Found a stone staircase leading down.
As you read the scroll of magic mapping, it crumbles to dust.
You feel aware of your surroundings.
You sensed 1 altar.
Found 13 gold pieces.
An iguana comes into view.
Found a stone staircase leading up.
You now have 13 gold pieces.
There is a stone staircase leading down here.
A water moccasin comes into view.
Found a purple potion.
c - a purple potion A phantom comes into view.
Found 17 gold pieces.
You have 13 gold pieces.
Unknown command.
A white imp comes into view.
Found 10 gold pieces.
Found a pair of boots.
The white imp hits you but does no damage.
You closely miss the white imp. You grab the white imp.
You squeeze the white imp!
The white imp is almost dead.
You constrict the white imp.
You kill the white imp!
You have reached level 2!
You now have 23 gold pieces (gained 10).
Found a broken altar of Ashenzari.
Are you sure you want to abandon this character and quit the game? (Confirm with "yes".)

,,* *,,,,,,,,,,,,,*****,,,,* ,,*
**********,***,* *,,,,*
,,*************,***,****,,,,*****
,,+,,,,,,,,,,,,,,,,,,,,,,,,,,,,,,
,,*************,***,****,,,,,****
*** *,* *,* *,,,,,****
##################### *,,,,,,,,*
#...................# *,,,,***,*
##...#...#...#..@#..# ****** *,*
..................._# *,*
.#...#...#...#...#..# *****,,
.....W..............# **,,,,,*
.#################### *,,***,*
..............,,,,,,* *,** *,*
........####***,***** *,* *,*
........# *,* **,* *,*
#####.###******,* *,,* *,,


There were no monsters in sight!

Vanquished Creatures
  A white imp (D:5)
1 creature vanquished.

Notes
Turn   | Place    | Note
-------+----------+-------------------------------------------
     0 | D:5      | Esekla the Octopode Delver began the quest for the Orb.
     0 | D:5      | Reached XP level 1. HP: 16/16 MP: 1/1
    15 | D:5      | Noticed an iguana
    39 | D:5      | Noticed a water moccasin
    83 | D:5      | Noticed a phantom
    91 | D:5      | Reached XP level 2. HP: 21/21 MP: 2/2
   112 | D:5      | Found a broken altar of Ashenzari.
   117 | D:5      | Quit the game

Illustrated notes

Levels and vault maps discovered:
D:5:      layout_basic, lemuel_coloured_pillars_altar, grunt_ministairs_7

Action                     || total
---------------------------++-------
  Melee: Falchion          ||     1
         Constrict         ||     1
         Tentacles         ||     1
    Use: Scroll            ||     1
 Armour: Skin              ||     1

Table legend: (Time is in decaauts)
 A = Elapsed time spent in this place.
 B = Non-inter-level travel time spent in this place.
 C = Inter-level travel time spent in this place.
 D = Time resting spent in this place.
 E = Time spent auto-exploring this place.
 F = Levels seen in this place.
 G = Mean time per level.
                   A        B        C        D        E       F      G
               +--------+--------+--------+--------+--------+-----+--------+
         Total |    117 |    117 |      0 |      0 |      0 |   1 |  117.0 |
       Dungeon |    117 |    117 |      0 |      0 |      0 |   1 |  117.0 |
               +--------+--------+--------+--------+--------+-----+--------+

Top non-repeatable levels by time:
     D:5: 117 daAuts
